AoeStats
← ElChupetometro

MegaRandom

508110276Analyzed
4v4 RM · 11d ago on Sep 20, 2026· 26m 35s· 8 players
Game mode
Random Map
Map size
Large (8 player)
Population
200
Speed
Normal
Resources
Standard
Victory
Conquest
Starting age
Dark Age
Ending age
Imperial Age
RankedLock teamsTeams togetherTeam positionsShared explorationLock speedFull tech treeHidden civsTurbo modeCheats
Victory
Defeat
🇦🇷 Berbers · Argentina
1131
+38
🇦🇷 Britons · Argentina
1114
+15
🇪🇸 Bohemians · Spain
1114
+15
🇦🇷 Hindustanis · Argentina
1110
+15
🇨🇦 Maya · Canada
1176
-19
🇦🇷 Mongols · Argentina
1069
-14
🇨🇱 Teutons · Chile
1055
-13
🇺🇸 Malians · United States
1047
-13
ElChupetometro
4:02 Loom
9:26 Feudal Age
10:07 Double-Bit Axe
14:25 Horse Collar
18:55 Castle Age
19:34 Padded Archer Armor
21:57 Horse Collar
22:10 Crossbowman
24:38 Town Watch
25:03 Fletching
Rusinho0277198
10:41 Feudal Age
11:17 Double-Bit Axe
11:18 Horse Collar
14:30 Loom
18:18 Castle Age
17:11 Bloodlines
17:48 Forging
18:06 Horse Collar
20:54 Husbandry
25:43 Wheelbarrow
24:56 Town Watch
25:48 Gold Mining
25:49 Stone Mining
COBREL8A
7:10 Loom
10:38 Feudal Age
15:46 Castle Age
24:17 Town Watch
adessomariano
7:08 Loom
9:46 Feudal Age
14:25 Forging
16:53 Castle Age
17:30 Bloodlines
Spicy Meatball
11:49 Feudal Age
11:52 Man-at-Arms
23:27 Castle Age
23:37 Pikeman
26:03 Squires
DrMoopey
0:28 Loom
9:30 Feudal Age
11:55 Double-Bit Axe
15:14 Fletching
15:24 Padded Archer Armor
15:21 Horse Collar
17:11 Gold Mining
25:47 Castle Age
24:06 Scale Mail Armor
26:16 Stone Mining
Antihero!
2:48 Loom
11:41 Feudal Age
Nahat
4:13 Loom
11:17 Feudal Age
13:41 Double-Bit Axe
14:11 Forging
14:07 Scale Barding Armor
19:33 Horse Collar
24:10 Castle Age
22:39 Gold Mining
24:24 Bloodlines
25:39 Husbandry
27:37 Iron Casting
Connection lost

Rejoining the realm…

Still unreachable

The connection could not be restored.

Session expired

The server has moved on; the page needs a fresh start.